 Dungeon Crawl Stone Soup version 0.17-a0-1442-g10bb59b (webtiles) character file.

58 panicbit the Covered (level 3, -2/33 HPs)
             Began as a Minotaur Fighter on June 28, 2015.
             Killed by divine providence
             ... invoked by an orc priest
              (8 damage)
             ... on level 3 of the Dungeon.
             The game lasted 00:04:19 (1207 turns).

panicbit the Covered (Minotaur Fighter)             Turns: 1207, Time: 00:04:21

Health: -2/33      AC:  8    Str: 21    XL:     3   Next: 75%
Magic:  2/2        EV:  7    Int:  5    God:
Gold:   84         SH:  9    Dex:  9    Spells: 0 memorised, 2 levels left

rFire  . . .     SeeInvis .     a - +0 war axe
rCold  . . .     Clarity  .     b - +0 scale mail
rNeg   . . .     SustAt   .     c - +0 shield
rPois  .         Gourm    .     (helmet restricted)
rElec  .         Spirit   .     (no cloak)
rCorr  .         Warding  .     (no gloves)
rMut   .         Stasis   .     j - +0 pair of boots
MR     .....                    (no amulet)
Stlth  ..........               (no ring)
                                (no ring)

@: not resistant to hostile enchantments, extremely unstealthy
A: retaliatory headbutt, horns 2
a: no special abilities


You were on level 3 of the Dungeon.
You were not hungry.

You visited 1 branch of the dungeon, and saw 3 of its levels.

You collected 84 gold pieces.

Inventory:

Hand weapons
 a - a +0 war axe (weapon)
Armour
 b - a +0 scale mail (worn)
 c - a +0 shield (worn)
 j - a +0 pair of boots (worn)
Scrolls
 i - 2 scrolls of identify {unknown}
 l - a scroll of remove curse {unknown}
 q - a scroll of recharging {unknown}
Potions
 d - a potion of might
 g - 2 potions of heal wounds {unknown}
 h - a potion of degeneration {unknown}
 k - a potion of magic {unknown}
 m - 2 potions of haste {unknown}
 n - a potion of ambrosia {unknown}
 p - a potion of agility {unknown}
Comestibles
 e - 2 bread rations
 f - 6 chunks of flesh
 o - a beef jerky


   Skills:
 + Level 4.1 Fighting
 + Level 2.9 Axes
 + Level 4.3 Armour
 + Level 0.7 Dodging
 + Level 4.3 Shields


You had 2 spell levels left.
You didn't know any spells.

Dungeon Overview and Level Annotations

Branches:
Dungeon (3/15)

Altars:
Nemelex Xobeh


Innate Abilities, Weirdness & Mutations

You reflexively headbutt those who attack you in melee.
You have a pair of horns on your head.


Message History

You closely miss the orc priest.
The orc priest is almost dead.
You closely miss the orc. You headbutt the orc!
You kill the orc!
Your shield and scale mail prevent you from hitting the orc priest.
Your headbutt misses the orc priest. You block the orc priest's attack.
The orc priest mumbles some strange prayers to Beogh against you.
Something smites you!
Your shield and scale mail prevent you from hitting the orc priest.
The orc priest hits you but does no damage.
The orc priest mumbles some strange prayers to Beogh against you.
Something smites you!
* * * LOW HITPOINT WARNING * * *
You hit the orc priest.
You headbutt the orc priest, but do no damage.
The orc priest is moderately wounded.
The orc priest closely misses you.
The orc priest mumbles some strange prayers to Beogh against you.
Something smites you!
You die...

#....#
######....#
#<........#
#######...#
..........#
##########..## .
............#
....#.#######.##
.....oo@.......#
......##########
..... .... ...
.. .


You could see 2 orc priests.

Vanquished Creatures
  2 adders (D:2)
  2 worms (D:2)
  An orc (D:3)
  2 giant cockroaches
  5 goblins
  7 hobgoblins
  A quokka (D:2)
  4 bats
  A giant gecko (D:1)
  3 giant newts
  4 kobolds
  2 rats (D:2)
34 creatures vanquished.

Notes
Turn   | Place    | Note
--------------------------------------------------------------
     0 | D:1      | panicbit the Minotaur Fighter began the quest for the Orb.
     0 | D:1      | Reached XP level 1. HP: 19/19 MP: 0/0
    32 | D:1      | Found a sparkling altar of Nemelex Xobeh.
   158 | D:1      | Reached skill level 4 in Armour
   289 | D:1      | Reached XP level 2. HP: 27/27 MP: 1/1
   825 | D:2      | Reached XP level 3. HP: 24/33 MP: 2/2
  1207 | D:3      | Killed from afar by an orc priest

Vault maps used:
D:1:      dpeg_arrival_connections, hangedman_abyss_or_decor_stabs,
          nemelex_xobeh_ov_fountains_minmay
D:2:      serial_bayou_lagoon_a, hangedman_decor_lopped
D:3:      grunt_temple_overflow_lords_of_destruction, grunt_qazlal_sundering

Action                   || total
-------------------------++-------
Melee: War axe           ||    93
  Eat: Chunk             ||     1
